 Dungeon Crawl Stone Soup version 0.27-a0-1177-g245c70e1c0 (webtiles) character file.

Game seed: 6333906721749031777

8260 voltaire321 the Spear-Bearer (level 11, -9/83 HPs)
             Began as a Merfolk Summoner on May 16, 2021.
             Was a Believer of Wu Jian.
             Mangled by an entropy weaver simulacrum (15 damage)
             ... in an ice cave.
             The game lasted 00:51:46 (15791 turns).

voltaire321 the Spear-Bearer (Merfolk Summoner)    Turns: 15791, Time: 00:51:47

Health: -9/83      AC:  7    Str:  8    XL:     11   Next: 28%
Magic:  18/20      EV: 17    Int: 21    God:    Wu Jian [**....]
Gold:   787        SH: 11    Dex: 23    Spells: 13/22 levels left

rFire    + + .     SeeInvis .   v - +4 spear of the Bear {venom, rElec Dex+4}
rCold    + . .     Faith    .   a - +0 kite shield
rNeg     . . .     Spirit   .   s - +0 steam dragon scales
rPois    .         Reflect  .   (no helmet)
rElec    +         Harm     .   n - scarf {rC+ rF+}
rCorr    +         Rampage  .   (no gloves)
Will     ++...                  m - +1 pair of boots of Abstinence {rF+ Dex+4}
Stlth    +++.......             (no amulet)
HPRegen  0.23/turn              f - ring of willpower
MPRegen  0.17/turn              x - ring "Xaesaogg" {Will+ rCorr Int+3}

@: no status effects
A: (nimble swimmer 2), mertail
a: Renounce Religion, Wall Jump


You were in an ice cave.
You worshipped Wu Jian.
Wu Jian was pleased with you.
You visited 3 branches of the dungeon, and saw 13 of its levels.
You also visited: Ice Cave.

You collected 787 gold pieces.

Inventory:

Hand Weapons
 o - a +6 spectral short sword
 v - the +4 spear of the Bear (weapon) {venom, rElec Dex+4}
   (You found it on level 7 of the Dungeon)

   It poisons the flesh of those it strikes.
   It affects your dexterity (+4).
   It insulates you from electricity.
Missiles
 c - 8 curare-tipped darts
 j - 18 boomerangs
 q - 60 poisoned darts
 A - 6 datura-tipped darts
Armour
 a - a +0 kite shield (worn)
 m - the +1 pair of boots of Abstinence (worn) {rF+ Dex+4}
   (You acquired it on level 6 of the Dungeon)

   It affects your dexterity (+4).
   It protects you from fire.
 n - a scarf of resistance (worn)
 s - +0 steam dragon scales (worn)
 B - a +0 troll leather armour
Jewellery
 f - a ring of willpower (left hand)
 x - the ring "Xaesaogg" (right hand) {Will+ rCorr Int+3}
   (You found it on level 7 of the Dungeon)

   [ring of resist corrosion]

   It affects your intelligence (+3).
   It protects you from acid and corrosion.
   It increases your willpower.
 C - a ring of protection from cold
 E - a ring of poison resistance
 J - a ring of resist corrosion
Wands
 b - a wand of paralysis (8)
 d - a wand of polymorph (17)
 h - a wand of iceblast (19)
 H - a wand of mindburst (19)
 I - a wand of flame (8)
Scrolls
 i - a scroll of brand weapon
 k - a scroll of enchant armour
 w - 4 scrolls of teleportation
 y - 2 scrolls of identify
 D - a scroll of blinking
 F - 2 scrolls of amnesia
 G - a scroll of summoning
Potions
 e - a potion of brilliance
 g - a potion of might
 l - 5 potions of heal wounds
 p - a potion of haste
 r - a potion of berserk rage
 t - a potion of flight
 u - 6 potions of curing
 z - a potion of magic


   Skills:
 - Level 6.5 Fighting
 + Level 11.4 Polearms
 - Level 8.4 Dodging
 - Level 2.1 Stealth
 + Level 8.0 Shields
 - Level 6.0 Spellcasting
 - Level 8.0 Summonings
 + Level 2.5 Ice Magic


You had 13 spell levels left.
You knew the following spells:

 Your Spells              Type           Power      Damage    Failure   Level
a - Call Imp              Summ           39%        N/A       1%          2
c - Call Canine Familiar  Summ           39%        N/A       2%          3
d - Summon Ice Beast      Ice/Summ       28%        N/A       26%         4

Your spell library contained the following spells:

 Spells                   Type           Power      Damage    Failure   Level
 Summon Small Mammal      Summ           100%       N/A       1%          1
 Summon Guardian Golem    Hex/Summ       23%        N/A       14%         3
 Animate Skeleton         Necr           12%        N/A       24%         1
 Apportation              Tloc           12%        N/A       24%         1
 Corona                   Hex            6%         N/A       24%         1
 Magic Dart               Conj           24%        1d4       24%         1
 Shock                    Conj/Air       24%        1d4       24%         1
 Blink                    Tloc           N/A        N/A       34%         2
 Searing Ray              Conj           12%        3d3       34%         2
 Slow                     Hex            6%         N/A       34%         2
 Static Discharge         Conj/Air       6%         N/A       34%         2
 Summon Lightning Spire   Summ/Air       23%        N/A       41%         4
 Conjure Flame            Conj/Fire      6%         6-21      56%         3
 Dazzling Flash           Conj/Hex       12%        N/A       56%         3
 Mephitic Cloud           Conj/Pois/Air  6%         N/A       56%         3
 Swiftness                Air            6%         N/A       56%         3
 Airstrike                Air            3%         N/A       93%         4
 Fulminant Prism          Conj/Hex       3%         3d6       93%         4
 Iskenderun's Mystic Bla  Conj/Tloc      6%         2d4       93%         4
 Bolt of Magma            Conj/Fire/Erth 3%         4d5       100%        5
 Iskenderun's Battlesphe  Conj           6%         2d6       100%        5
 Lightning Bolt           Conj/Air       3%         1d14      100%        5
 Iron Shot                Conj/Erth      3%         9d2       100%        6
 Orb of Destruction       Conj           3%         9d1       100%        7
 Spellforged Servitor     Conj/Summ      11%        N/A       100%        7


Dungeon Overview and Level Annotations

Branches:
Dungeon (10/15)            Temple (1/1) D:7            Lair (2/6) D:10
  Swamp (0/4) Lair:2          Orc (0/2) D:10          IceCv (1/1)
  Snake: Lair:2-4    Spider: Lair:2-4

Altars:
Ashenzari
Cheibriados
Dithmenos
Elyvilon
Fedhas
Gozag
Hepliaklqana
Kikubaaqudgha
Makhleb
Nemelex Xobeh
Okawaru
Qazlal
Ru
Sif Muna
Trog
Uskayaw
Vehumet
Wu Jian
Xom
Yredelemnul
Zin
The Shining One

Annotations:
D:10 Sonja


Innate Abilities, Weirdness & Mutations

((You are quick and stealthy near water. (Stealth+, EV+, Speed+++)))
Your lower body shifts to a powerful aquatic tail in water.


Message History

The entropy weaver simulacrum freezes you!!
You resist.
The entropy weaver simulacrum misses your hound. x2
The entropy weaver simulacrum hits your hound.
The entropy weaver simulacrum freezes your hound!!
Your hound dies!
Your hound's corpse disappears in a puff of smoke!
There is an ice choked empty arch of ancient stone here.
There is an ice covered gate leading back out of this place here.
Aiming: Throw Flame
Press: ? - help, Shift-Dir - straight line, f/p - entropy weaver simulacrum
Aim: an entropy weaver simulacrum (heavily damaged, 77% to hit)
The puff of flame hits the entropy weaver simulacrum!
The entropy weaver simulacrum melts!
The entropy weaver simulacrum is severely damaged.
You hit the entropy weaver simulacrum.
The entropy weaver simulacrum is severely damaged.
You barely miss the entropy weaver simulacrum.
The entropy weaver simulacrum is severely damaged.
The entropy weaver simulacrum hits you but does no damage.
You block the entropy weaver simulacrum's attack.
The entropy weaver simulacrum closely misses you.
You block the entropy weaver simulacrum's attack.
You hit the entropy weaver simulacrum.
The entropy weaver simulacrum is almost destroyed.
The entropy weaver simulacrum barely misses you.
The entropy weaver simulacrum hits you.
The entropy weaver simulacrum freezes you!
You resist.
* * * LOW HITPOINT WARNING * * *
The entropy weaver simulacrum hits you.
* * * LOW HITPOINT WARNING * * *
The entropy weaver simulacrum freezes you!
You resist.
* * * LOW HITPOINT WARNING * * *
The entropy weaver simulacrum hits you.
* * * LOW HITPOINT WARNING * * *
The entropy weaver simulacrum freezes you!
You resist.
You die...

### ##.##
#
#...##..#
#@Z.....#
#...##..#
##.## #
###


You could see an entropy weaver simulacrum.

Vanquished Creatures
  Nergalle (D:10)
  A deep elf pyromancer (D:9)
  2 trolls (D:10)
  A wyvern (D:10)
  A shadow (D:10)
  9 yaks
  2 steam dragons
  3 water moccasins
  4 ice beasts
  An orc warrior (D:5)
  A sky beast (D:6)
  An ogre (D:6)
  A black bear (D:7)
  2 centaurs
  A necrophage (D:3)
  A kobold brigand (D:7)
  4 bullfrogs
  3 scorpions
  A wyvern skeleton (D:5)
  A wyvern zombie (D:5)
  A water moccasin skeleton (D:6)
  3 wights (D:9)
  5 killer bees (D:8)
  4 electric eels (D:10)
  A crimson imp (D:5)
  5 orc priests
  2 bullfrog zombies
  Crazy Yiuf (D:7)
  A gnoll shaman (D:6)
  10 hounds
  4 iguanas
  6 orc wizards
  A killer bee zombie (D:6)
  A centaur simulacrum (D:8)
  2 hound zombies (D:5)
  A mummy (D:6)
  2 howler monkey zombies
  2 adders
  7 gnolls
  A howler monkey skeleton (D:6)
  2 white imps (D:8)
  An ufetubus (D:5)
  An adder skeleton (D:5)
  A worm (D:2)
  4 dart slugs
  18 orcs
  6 ball pythons
  5 bats
  2 endoplasms (D:1)
  2 giant cockroaches
  3 goblins
  2 hobgoblins (D:4)
  4 quokkas
  5 frilled lizards
  2 hobgoblin zombies (D:6)
  10 kobolds
  A kobold zombie (D:6)
  An orc zombie (D:6)
  3 rats
174 creatures vanquished.

Vanquished Creatures (collateral kills)
  A two-headed ogre (D:9)
  The ghost of gimp the Thaumaturge, a novice DjWn of Cheibriados (D:8)
  A cane toad (Lair:2)
  A troll (D:9)
  A yak (D:9)
  A basilisk (Lair:2)
  A water moccasin (D:7)
  An orc warrior (D:9)
  A hornet zombie (D:5)
  A centaur (D:5)
  2 ogres
  A phantom (D:6)
  2 killer bees (D:8)
  2 wights (D:9)
  2 hounds
  An orc priest (D:9)
  A gnoll shaman (D:6)
  A centaur skeleton (D:4)
  2 orc wizards
  3 gnolls
  3 adders
  An ufetubus (D:5)
  3 worms
  A dart slug (D:2)
  5 orcs
  2 bats (D:1)
  4 endoplasms
  A giant cockroach (D:2)
  3 goblins
  4 hobgoblins (D:2)
  4 jackals (D:2)
  A quokka (D:1)
  2 ball pythons (D:1)
  2 frilled lizards (D:1)
  7 kobolds
  2 rats (D:1)
72 creatures vanquished.

Vanquished Creatures (others)
  A gnoll (D:7)
  2 fungi (Lair:2)
  A plant (Lair:1)
  4 toadstools (D:1)
8 creatures vanquished.

Grand Total: 254 creatures vanquished

Notes
Turn   | Place    | Note
-------+----------+-------------------------------------------
     0 | D:1      | voltaire321 the Merfolk Summoner began the quest for the
                  | Orb.
     0 | D:1      | Reached XP level 1. HP: 13/13 MP: 3/3
    94 | D:1      | Reached XP level 2. HP: 14/20 MP: 5/5
    97 | D:1      | Learned a level 2 spell: Call Imp
   826 | D:1      | Reached skill level 1 in Fighting
  1694 | D:1      | Reached XP level 3. HP: 25/26 MP: 3/6
  3159 | D:2      | Learned a level 3 spell: Call Canine Familiar
  3170 | D:2      | Found an iron altar of Okawaru.
  3711 | D:3      | Reached XP level 4. HP: 24/32 MP: 3/7
  4136 | D:3      | Found a faded altar of an unknown god.
  4325 | D:3      | Found an iron altar of Okawaru.
  4325 | D:3      | Found an ornate altar of the Wu Jian Council.
  4544 | D:3      | Noticed a necrophage
  4554 | D:3      | Killed a necrophage
  4555 | D:3      | Reached XP level 5. HP: 28/39 MP: 3/9
  5023 | D:4      | Reached skill level 5 in Summonings
  5023 | D:4      | Reached XP level 6. HP: 44/46 MP: 5/10
  5768 | D:5      | Entered Level 5 of the Dungeon
  5835 | D:5      | Reached skill level 5 in Dodging
  5847 | D:5      | Noticed an orc warrior
  5860 | D:5      | Killed an orc warrior
  6104 | D:5      | Reached XP level 7. HP: 52/52 MP: 12/12
  6901 | D:5      | Reached XP level 8. HP: 46/61 MP: 12/14
  7291 | D:5      | Found a burning altar of Makhleb.
  7360 | D:5      | Found a basalt altar of Yredelemnul.
  7370 | D:5      | Reached skill level 5 in Fighting
  7718 | D:6      | Identified a scroll of acquirement
  7718 | D:6      | Acquired the +1 pair of boots of Abstinence {rF+ Dex+4}
  7959 | D:6      | Reached skill level 5 in Spellcasting
  8298 | D:6      | Found a glowing golden altar of the Shining One.
  8422 | D:6      | Reached XP level 9. HP: 69/69 MP: 17/17
  8844 | D:7      | Learned a level 4 spell: Summon Ice Beast
  8854 | D:7      | Identified the +4 spear of the Bear {venom, rElec Dex+4}
  9388 | D:7      | Reached skill level 1 in Polearms
  9388 | D:7      | Reached skill level 1 in Ice Magic
  9606 | D:7      | Found a bloodstained altar of Trog.
  9740 | D:7      | Reached skill level 2 in Polearms
  9766 | D:7      | Identified the ring "Xaesaogg" {Will+ rCorr Int+3}
  9773 | D:7      | Found a staircase to the Ecumenical Temple.
  9782 | Temple   | Entered the Ecumenical Temple
 10164 | D:3      | Became a worshipper of the Wu Jian Council
 10355 | D:7      | Found a runed translucent door.
 10356 | D:7      | Noticed Crazy Yiuf
 10373 | D:7      | Killed Crazy Yiuf
 10777 | D:8      | Reached skill level 1 in Shields
 10824 | D:8      | Noticed gimp's ghost (novice DjWn)
 11149 | D:8      | Reached skill level 3 in Polearms
 11244 | D:8      | Found a runed translucent gate.
 11244 | D:8      | Found a runed translucent gate.
 11244 | D:8      | Found a runed translucent gate.
 11492 | D:8      | Reached skill level 4 in Polearms
 11498 | D:8      | Reached * piety under Wu Jian
 12099 | D:8      | Reached skill level 5 in Polearms
 12099 | D:8      | Reached XP level 10. HP: 58/77 MP: 16/19
 12151 | D:8      | Killed gimp's ghost
 12152 | D:8      | Reached skill level 6 in Polearms
 12373 | D:9      | Reached skill level 7 in Polearms
 12508 | D:9      | Reached skill level 5 in Shields
 13034 | D:9      | Reached skill level 8 in Polearms
 13171 | D:9      | Noticed a deep elf pyromancer
 13184 | D:9      | Killed a deep elf pyromancer
 13396 | D:9      | Noticed a two-headed ogre
 13408 | D:9      | Killed a two-headed ogre
 13409 | D:9      | Reached skill level 9 in Polearms
 13692 | D:10     | Entered Level 10 of the Dungeon
 13959 | D:10     | Reached skill level 10 in Polearms
 13989 | D:10     | Reached ** piety under Wu Jian
 14145 | D:10     | Found a staircase to the Lair.
 14157 | D:10     | Noticed Sonja
 14352 | D:10     | Reached XP level 11. HP: 83/83 MP: 11/20
 14608 | D:10     | Found a staircase to the Orcish Mines.
 14662 | D:10     | Noticed Nergalle
 14677 | D:10     | Killed Nergalle
 14678 | D:10     | Reached skill level 11 in Polearms
 14692 | D:10     | Upgraded the game from 0.27-a0-1158-gaa87e14f67 to
                  | 0.27-a0-1177-g245c70e1c0
 15031 | Lair:1   | Entered Level 1 of the Lair of Beasts
 15750 | Lair:2   | Found a frozen archway.
 15781 | IceCv    | Entered an ice cave
 15791 | IceCv    | Mangled by an entropy weaver simulacrum

Illustrated notes

Levels and vault maps discovered:
D:1:      ldierk_walled_garden_2, layout_basic, hangedman_glass_teeth
D:2:      layout_basic, basic_altar, kennysheep_pointless_box
D:3:      layout_basic, gammafunk_temple_overflow_wave,
          ebering_ecumenical_altar_rust, kennysheep_boxes
D:4:      layout_loops_ring
D:5:      layout_loops_ring, nicolae_yredelemnul_corpse_copse,
          makhleb_grotto_becter
D:6:      layout_loops_ring, nicolae_overflow_crystal_walls, minmay_mini_ossuary
D:7:      layout_cave_pools, nicolae_overflow_hidden_temple, temple_hall,
          minmay_statues_item, uniq_crazy_yiuf_cottage
D:8:      layout_loops_corners, gammafunk_ghost_icy
D:9:      layout_roguey
D:10:     layout_long_grid, erik_lair_island, orc_0_dummy, uniq_sonja,
          uniq_nergalle
Temple:   eino_temple_rhombus
Lair:1:   layout_roguey
Lair:2:   layout_gridlike, swamp_mist, portal_ice_cave_entry_pillars_1,
          fungi_pond_lemuel, wad_woods_road_02, infiniplex_staircase_pool_2
IceCv:    ice_cave_hellmonk_azure_passage

Skill      XL: |  1  2  3  4  5  6  7  8  9 10 11 |
---------------+----------------------------------+-----
Dodging        | 3 4 5 6 7 8 |  8.4
Fighting       | 1 2 3 4 5 6 |  6.5
Spellcasting   | 3 4 5 6 |  6.0
Summonings     | 5 6 8 |  8.0
Polearms       | 5 10 11 | 11.4
Ice Magic      | 2 |  2.5
Shields        | 3 7 8 |  8.0
Stealth        | |  2.1

Action                   |  1- 3 |  4- 6 |  7- 9 | 10-12 || total
-------------------------+-------+-------+-------+-------++-------
Melee: Unarmed           |    11 |       |       |       ||    11
       Dagger            |   130 |       |       |       ||   130
       Short sword       |     7 |   113 |   133 |       ||   253
       Spear             |       |       |   172 |   310 ||   482
 Cast: Summon Small Mamm |     3 |       |       |       ||     3
       Call Imp          |    34 |    13 |    37 |    14 ||    98
       Call Canine Famil |       |       |     1 |    20 ||    21
Invok: Lunge             |       |       |     2 |     6 ||     8
       Whirlwind         |       |       |       |     6 ||     6
Evoke: Wand              |       |       |       |     3 ||     3
  Use: Potion            |       |     1 |     2 |       ||     3
       Scroll            |       |     6 |    14 |     4 ||    24
 Stab: Sleeping          |     9 |     3 |     7 |     4 ||    23
       Distracted        |     1 |       |       |    10 ||    11
Armor: Robe              |    21 |    16 |    30 |       ||    67
       Steam dragon scal |       |       |    18 |    36 ||    54
Dodge: Dodged            |   104 |    92 |   236 |   127 ||   559
Block: Kite shield       |       |       |    31 |    77 ||   108

Table legend: (Time is in decaauts)
 A = Elapsed time spent in this place.
 B = Non-inter-level travel time spent in this place.
 C = Inter-level travel time spent in this place.
 D = Time resting spent in this place.
 E = Time spent auto-exploring this place.
 F = Levels seen in this place.
 G = Mean time per level.
                   A        B        C        D        E       F      G
               +--------+--------+--------+--------+--------+-----+--------+
         Total |  15744 |  15194 |    550 |   4748 |   7341 |  14 | 1124.6 |
       Dungeon |  14746 |  14218 |    528 |   4739 |   6797 |  10 | 1474.6 |
        Temple |    256 |    246 |     10 |      0 |     91 |   1 |  256.0 |
          Lair |    732 |    721 |     11 |      9 |    453 |   2 |  366.0 |
      Ice Cave |      9 |      9 |      0 |      0 |      0 |   1 |    9.0 |
               +--------+--------+--------+--------+--------+-----+--------+

Top non-repeatable levels by time:
     D:1: 1989 daAuts
     D:5: 1775 daAuts
     D:6: 1702 daAuts
     D:8: 1647 daAuts
     D:3: 1555 daAuts
     D:9: 1361 daAuts
     D:2: 1311 daAuts
    D:10: 1292 daAuts
     D:4: 1165 daAuts
     D:7: 945 daAuts
  Lair:1: 613 daAuts
  Temple: 256 daAuts
  Lair:2: 119 daAuts
   IceCv: 9 daAuts
